 Dungeon Crawl Stone Soup version 0.18.1-50-g88ac8fd (webtiles) character file.

60 nikopol the Chopper (level 3, -6/33 HPs)
             Began as a Minotaur Berserker on Sept 15, 2016.
             Was a Believer of Trog.
             Mangled by Crazy Yiuf
             ... wielding a +2 quarterstaff of chaos
              (10 damage)
             ... while paralysed by Crazy Yiuf
             ... on level 3 of the Dungeon.
             The game lasted 00:02:17 (1149 turns).

nikopol the Chopper (Minotaur Berserker)            Turns: 1149, Time: 00:02:18

Health: -6/33      AC:  2    Str: 21    XL:     3   Next: 80%
Magic:  2/2        EV:  2    Int:  4    God:    Trog [**....]
Gold:   29         SH:  0    Dex: 10    Spells: 0 memorised, 2 levels left

rFire  . . .     SeeInvis .     a - +0 hand axe
rCold  . . .     Gourm    .     b - +0 animal skin
rNeg   . . .     Faith    .     (no shield)
rPois  .         Spirit   .     (helmet restricted)
rElec  .         Dismiss  .     (no cloak)
rCorr  .         Reflect  .     (no gloves)
SustAt +         Harm     +     (no boots)
MR     .....                    h - amulet of harm
Stlth  +.........               (no ring)
                                f - ring of sustain attributes

@: paralysed, not resistant to hostile enchantments, very unstealthy
A: retaliatory headbutt, horns 2
a: Berserk, Trog's Hand, Burn Spellbooks, Renounce Religion


You were on level 3 of the Dungeon.
You worshipped Trog.
Trog was pleased with you.
You were not hungry.

You visited 1 branch of the dungeon, and saw 3 of its levels.

You collected 29 gold pieces.

Inventory:

Hand Weapons
 a - a +0 hand axe (weapon)
Missiles
 p - 14 arrows (quivered)
Armour
 b - a +0 animal skin (worn)
Jewellery
 f - a ring of sustain attributes (left hand)
 h - an amulet of harm (around neck)
Scrolls
 d - 2 scrolls of teleportation {unknown}
 g - a scroll of recharging {unknown}
 j - 2 scrolls of identify {unknown}
 k - a scroll of amnesia {unknown}
 n - a scroll of remove curse {unknown}
 o - a scroll of magic mapping {unknown}
 q - a scroll of enchant weapon {unknown}
 s - a scroll of enchant armour {unknown}
Potions
 e - a potion of haste {unknown}
 i - a potion of lignification {unknown}
 m - a potion of resistance {unknown}
 r - a potion of cure mutation {unknown}
 t - a potion of magic {unknown}
 u - a potion of mutation {unknown}
Comestibles
 c - 3 bread rations
 l - a meat ration


   Skills:
 + Level 4.1 Fighting
 + Level 4.3 Axes
 + Level 3.2 Armour
 + Level 3.0 Dodging


You had 2 spell levels left.
You didn't know any spells.

Dungeon Overview and Level Annotations

Branches:
Dungeon (3/15)

Altars:

Annotations:
D:3 Crazy Yiuf


Innate Abilities, Weirdness & Mutations

You reflexively headbutt those who attack you in melee.
You have a pair of horns on your head.


Message History

Crazy Yiuf hits you but does no damage.
You closely miss Crazy Yiuf. Crazy Yiuf hits you but does no damage.
You hit Crazy Yiuf. Your headbutt misses Crazy Yiuf.
Crazy Yiuf is lightly wounded.
Crazy Yiuf yells, "Cod testudinal arm!"
Crazy Yiuf closely misses you. You furiously retaliate!
You headbutt Crazy Yiuf. You hit Crazy Yiuf. Your headbutt misses Crazy Yiuf.
Crazy Yiuf is moderately wounded.
Crazy Yiuf laughs, "Peeping turtle ena!"
Crazy Yiuf hits you with a quarterstaff of chaos!
You suddenly lose the ability to move!
Crazy Yiuf grits, "Mugger forty-two green!"
Crazy Yiuf completely misses you.
Crazy Yiuf hits you with a quarterstaff of chaos.
* * * LOW HITPOINT WARNING * * *
Crazy Yiuf burns you.
* * * LOW HITPOINT WARNING * * *
Crazy Yiuf hits you with a quarterstaff of chaos!
You die...

.........................<.......
................###.#..)#.#######
......######....# #...#.# #####.#
###### #####.. #.## #...
#..###♣♣♣♣♣ #.... ##.#....♣.♣♣♣
### #..... #.......♣..♣#...#
#.##### #......♣♣♣♣@g...#
##....♣♣ ♣♣#..)# ####♣♣ ###


You could see Crazy Yiuf.

Vanquished Creatures
  A gnoll (D:1)
  2 adders (D:2)
  A dart slug (D:1)
  2 giant cockroaches (D:1)
  4 goblins
  2 hobgoblins
  A ball python (D:3)
  5 bats
  A giant newt (D:2)
  7 kobolds
  6 rats
32 creatures vanquished.

Notes
Turn   | Place    | Note
--------------------------------------------------------------
     0 | D:1      | nikopol the Minotaur Berserker began the quest for the Orb.
     0 | D:1      | Reached XP level 1. HP: 19/19 MP: 0/0
     0 | D:1      | Noticed a large abomination
     0 | D:1      | Noticed a shadow dragon
     0 | D:1      | Noticed an orb of fire
     2 | D:1      | Noticed an ice dragon
     2 | D:1      | Noticed a shadow dragon
     4 | D:1      | Noticed a black draconian
     5 | D:1      | Noticed a yellow draconian
     6 | D:1      | Noticed a shadow dragon
     7 | D:1      | Noticed a shadow dragon
     8 | D:1      | Noticed an ice dragon
    10 | D:1      | Noticed an orb of fire
    14 | D:1      | Noticed an orb of fire
    14 | D:1      | Noticed an iron dragon
    16 | D:1      | Noticed an iron dragon
    16 | D:1      | Noticed an iron dragon
    18 | D:1      | Noticed a red draconian
    20 | D:1      | Noticed a shadow dragon
    96 | D:1      | Reached XP level 2. HP: 27/27 MP: 1/1
   479 | D:2      | Reached XP level 3. HP: 33/33 MP: 2/2
   554 | D:2      | Reached ** piety under Trog
  1139 | D:3      | Noticed Crazy Yiuf
  1146 | D:3      | Paralysed by Crazy Yiuf for 4 turns
  1149 | D:3      | Mangled by Crazy Yiuf

Skill      XL: |  1  2  3 |
---------------+----------+-----
Axes           | 4 |  4.3
Fighting       | 4 |  4.1
Armour         | 3 |  3.2
Dodging        | 3 |  3.0

Action                   || total
-------------------------++-------
Melee: Hand axe          ||    52
       Headbutt          ||     2
 Stab: Sleeping          ||     2
  Eat: Chunk             ||     1
Armor: Animal skin       ||    11
Dodge: Dodged            ||    35
